Jean II, lawful female human Knight -------- ##....`..| # |......| ------- ------------ `############################-......| |.<...-#######............######------------- # --.----- |.....| ##|..........| #|.....>.....| ### ## |.(...-###### |...........######|............# # ------- |I.........| #............|# #### ### |^I........-######--------|----# #-------|---- ------------ ### ### #|..........| ######### #####|..........| --.--.------## |..........| |...........####-..........| |..........| # |..........| |..........-####...........| ------------ ------------ Jean II the Esquire Experience level: 5 Strength: 14 Dexterity: 9 Constitution: 13 Intelligence: 9 Wisdom: 14 Charisma: 17 Health: 0(38) Energy: 42(42) Def: 8 Gold: 740 Moves: 3117 Dungeon seed: jz1RxuXMdUhAzDSu Game ID: Jean II_1477149050 Your Inventory: Coins $ - 740 gold pieces Weapons a - a thoroughly rusty +1 long sword (weapon in hand) b - a +1 lance Armor e - an uncursed +1 ring mail (being worn) n - a blessed +0 helmet (being worn) q - an uncursed +0 small shield (being worn) r - a blessed +0 pair of leather gloves (being worn) N - an uncursed +0 pair of water walking boots (being worn) Comestibles c - 12 uncursed apples d - 10 uncursed carrots g - an uncursed slime mold Scrolls s - 2 uncursed scrolls of blank paper t - a cursed scroll of blank paper Potions h - a cursed potion of paralysis m - an uncursed potion of sleeping p - an uncursed potion of booze Gems y - an uncursed worthless piece of orange glass z - an uncursed worthless piece of blue glass Spells and supernatural/magical abilities: Name Level Category Fail Memory W - pray for help -- divine ? -- X - turn undead -- divine ? -- Y - supernatural jump -- ability ? -- Your skills at the end: Fighting Skills riding [Basic] Weapon Skills long sword [Basic] lance [Basic] Spellcasting Skills Final Attributes: You were piously aligned. You were blinded. You could jump. You could walk on water. You are dead. Vanquished creatures: a kobold mummy a paper golem a giant ant a homunculus 4 hill orcs a giant bat an iguana an acid blob 2 coyotes 2 gas spores a hobbit 7 giant rats a red mold a gnome a gecko 14 jackals a fox 4 grid bugs 2 bats 5 lichens 2 kobold zombies 7 newts 61 creatures vanquished. Voluntary challenges: You used a wielded weapon 74 times, starting on turn 141. You read items or engraved 1 time, starting on turn 296. You never genocided any monsters. You never polymorphed an object. You never changed form. You used no wishes. You never split a pudding. You never wrote Elbereth's name. You violated your moral code, losing 21 points of alignment, starting on turn 1061. Dungeon overview: The Dungeons of Doom: levels 1 to 6 Level 1 some sinks a long staircase Level 2 some altars to Lugh and Manannan Mac Lir, some fountains a long staircase Level 3 Level 4 (floating eye) <- You were here Level 5 an altar to Brigit, a sink Level 6 History has recorded: On T:1 you entered the Dungeons of Doom to retrieve the Amulet of Yendor! On T:547 you reached level 2 of The Dungeons of Doom. On T:675 you advanced to experience level 2. On T:1237 you reached level 3 of The Dungeons of Doom. On T:1246 you advanced to experience level 3. On T:1624 you reached level 4 of The Dungeons of Doom. On T:2129 you advanced to experience level 4. On T:2391 you reached level 5 of The Dungeons of Doom. On T:2619 you advanced to experience level 5. On T:2798 you reached level 6 of The Dungeons of Doom. Score breakdown: Gold: 740 ( 9762 points) Experience: 5 levels (11141 points) Exploration: 6 levels ( 12.24%) ( 9682 points) Discoveries: 1 item ( 0.41%) ( 1912 points) Valuables value: (no points given unless you survive) Artifact value: 0 ( 0 points) Variety of kills: 22 monsters ( 5.77%) ( 7208 points) Turncount: 3117 turns ( -656 points) Survival: died (score multiplied by 80%) Total score: 31239 Latest messages: You miss the giant ant. The giant ant bites! You hit the giant ant! The giant ant bites! The giant ant just misses! You displace your saddled pony. (2x) There is an open door here. You see here a giant ant corpse. This giant ant corpse tastes terrible! You finish eating the giant ant corpse. You are momentarily blinded by a flash of light! Use the 'moveonly' command to move into a remembered wall. It gets angry! Wait! There's something there you can't see! It misses. You hear some noises. It hits! You miss it. (2x) It hits! You die... Final status: Fare thee well Jean II the Knight, killed by a dwarf... You died in The Dungeons of Doom on dungeon level 4 with 31239 points, and 740 pieces of gold, after 3117 moves. You were level 5 with a maximum of 38 hit points when you died.